Unix NetHack Version 5.0.0-0 post-release - last build May  4 2026 22:22:43 (774f63e81ad911689b3a0859ea89b322d5daca8d,branch:main).

Game began 2026-05-10 16:27:16, ended 2026-05-10 17:18:18.

BaeHund, chaotic male elven Ranger

              |
               .
               ..
               ...-
               ...G
                ...



                       Gd.
                       G@.
                       |..

BaeHund the Tenderfoot       St:16 Dx:11 Co:14 In:13 Wi:14 Ch:7  Chaotic
Dlvl:4  $:13 HP:0(16) Pw:8(8) AC:6  Xp:2 T:905 

Latest messages:
 You try to move the boulder, but in vain.
 You hear water falling on coins.
 You swap places with Sirius.
 You swap places with Sirius.
 You swap places with Sirius.
 The sewer rat bites!
 The sewer rat bites!
 You kill the sewer rat!
 Sirius bites the bat.
 The bat is killed!
 Sirius misses the bat.
 The bat bites!
 Sirius bites the bat.
 The bat is killed!
 The gecko bites!
 You miss the gecko.
 The gecko bites!
 You kill the gecko!
 Sirius eats a gecko corpse.
 You swap places with Sirius.
 You swap places with Sirius.
 You see here a food ration.
 You learn more about your items by comparing them.
 j - an uncursed food ration (3 in total).
 You find a hidden door.
 You descend the stairs.
 You kill the gnome!
 The gnome lord wields a bow!
 The gnome lord shoots 2 arrows!
 The 1st arrow hits Sirius.
 The 2nd arrow hits Sirius!
 Sirius picks up an arrow.
 Sirius drops an arrow.
 The gnome throws a dagger!
 The gnome lord is hit.
 The gnome lord picks up an arrow.
 You miss the gnome lord.
 The gnome lord hits!
 The gnome wields 5 daggers!
 You miss the gnome lord.
 You hit the gnome lord!
 The gnome lord hits!
 The gnome thrusts one of her daggers.
 The gnome hits!
 You die...
 Do you want your possessions identified? [ynq] (y) y
 Do you want to see your attributes? [ynq] (y) y
 Do you want an account of creatures vanquished? [ynaq] (y) y
 Do you want to see your conduct and achievements? [ynq] (y) y
 Do you want to see the dungeon overview? [ynq] (y) y

Inventory:
 Coins    ('$')
  $ - 13 gold pieces
 Weapons  (')')
  c - 54 +2 elven arrows (in quiver)
  d - 31 +0 elven arrows
  b - a +1 elven bow (alternate weapon; not wielded)
  a - a +1 elven dagger (weapon in right hand)
 Armor    ('[')
  r - an uncursed +0 orcish helm (being worn)
  e - an uncursed +2 elven cloak (being worn)
 Comestibles  ('%')
  l - an uncursed candy bar labeled "Crispy Yum Yum"
  j - 3 uncursed food rations
  f - 4 uncursed lembas wafers
  o - a cursed tripe ration
 Scrolls  ('?')
  k - an uncursed scroll of identify
  g - an uncursed scroll of remove curse
  h - a cursed scroll of teleportation
 Potions  ('!')
  i - a blessed potion of blindness
  n - an uncursed potion of fruit juice
 Wands    ('/')
  p - a wand of speed monster (0:7)

BaeHund the Ranger's attributes:

Background:
 You were a Tenderfoot, a level 2 male elven Ranger.
 You were chaotic, on a mission for Mars
 who was opposed by Mercury (lawful) and Venus (neutral).
 You were right-handed.
 You were in the Gnomish Mines, on level 4.
 You entered the dungeon 905 turns ago.
 You had 37 experience points, 3 more were needed to attain level 3.

Basics:
 You had 0 out of 16 hit points.
 You had all 8 energy points (spell power).
 Your armor class was 6.
 Your wallet contained 13 zorkmids.
 Autopickup was off.

Final Characteristics:
 Your strength was 16 (limit:18).
 Your dexterity was 11 (limit:18).
 Your constitution was 14 (limit:16).
 Your intelligence was 13 (limit:20).
 Your wisdom was 14 (limit:20).
 Your charisma was 7 (limit:18).

Final Status:
 You weren't hungry.
 You were unencumbered.
 You were wielding a dagger.
 You had basic skill with dagger.

Final Attributes:
 You were devoutly aligned.
 You had automatic searching.
 You had infravision.
 You were stealthy.
 You were warded.
 You are dead.

Miscellaneous:
 You didn't encounter any bones levels.
 Total elapsed playing time was 41 minutes and 12 seconds.

Major events:
 Turn
    1: BaeHund the chaotic male elven Ranger entered the dungeon
  885: entered the Gnomish Mines
  905: killed by a gnome

You didn't know any spells.

Skills:
 Fighting Skills
   bare handed combat [Unskilled]
   riding             [Unskilled]
 Weapon Skills
   dagger             [Basic]
   knife              [Unskilled]
   axe                [Unskilled]
   pick-axe           [Unskilled]
   short sword        [Unskilled]
   morning star       [Unskilled]
   flail              [Unskilled]
   hammer             [Unskilled]
   quarterstaff       [Unskilled]
   polearms           [Unskilled]
   spear              [Unskilled]
   trident            [Unskilled]
   bow                [Basic]
   sling              [Unskilled]
   crossbow           [Unskilled]
   dart               [Unskilled]
   shuriken           [Unskilled]
   boomerang          [Unskilled]
   whip               [Unskilled]
 Spellcasting Skills
   healing spells     [Unskilled]
   divination spells  [Unskilled]
   escape spells      [Unskilled]

Voluntary challenges:
 Character rerolling was not enabled.
 You followed a strict vegan diet.
 You never genocided any monsters.
 You never polymorphed an object.
 You never changed form.
 You used no wishes.
Achievements:
 You entered a shop.
 You entered the Gnomish Mines.

 The Dungeons of Doom: levels 1 to 3
    Level 1:
       An altar.
    Level 2:
       An altar.
    Level 3: "helm of oppo"
       A vegetarian food shop, an altar, some fountains.
       Stairs down to The Gnomish Mines.
 The Gnomish Mines:
    Level 4: <- You were here.
       Final resting place for
          you, killed by a gnome.


Vanquished creatures:
  a gnome
  2 geckos
  2 jackals
  a fox
  2 kobolds
  2 goblins
  3 sewer rats
  3 grid bugs
  2 bats
  2 lichens
  a kobold zombie
  a newt
22 creatures vanquished.

No species were genocided or became extinct.

Game over:
                       ----------
                      /          \
                     /    REST    \
                    /      IN      \
                   /     PEACE      \
                  /                  \
                  |     BaeHund      |
                  |      13 Au       |
                  |   killed by a    |
                  |      gnome       |
                  |                  |
                  |                  |
                  |       2026       |
                 *|     *  *  *      | *
        _________)/\\_//(\/(/\)/\//\/|_)_______

Goodbye BaeHund the Ranger...

You died in The Gnomish Mines on dungeon level 4 with 320 points,
and 13 pieces of gold, after 905 moves.
You were level 2 with a maximum of 16 hit points when you died.

